AoeStats
← Tèdelavanda

Arabian Desert

510166810Analyzed
1v1 RM · 2d ago on Sep 29, 2026· 29m 11s· 2 players
Game mode
Random Map
Map size
Tiny (2 player)
Population
200
Speed
Normal
Resources
Standard
Victory
Conquest
Starting age
Dark Age
Ending age
Imperial Age
RankedLock teamsTeams togetherTeam positionsShared explorationLock speedFull tech treeHidden civsTurbo modeCheats
Victory
Defeat
🇹🇷 Turks · Türkiye
1226
+19
🇨🇱 Wu · Chile
1284
-19
M.Bison
6:39 Loom
9:33 Feudal Age
15:36 Double-Bit Axe
17:29 Fletching
22:12 Gold Mining
22:37 Padded Archer Armor
25:27 Castle Age
25:54 Crossbowman
27:03 Sanctity
27:14 Bodkin Arrow
27:31 Thumb Ring
Tèdelavanda
13:22 Feudal Age
20:37 Loom
23:19 Castle Age
23:46 Scale Barding Armor
23:54 Double-Bit Axe
27:38 Horse Collar
Connection lost

Rejoining the realm…

Still unreachable

The connection could not be restored.

Session expired

The server has moved on; the page needs a fresh start.